AoeStats
← die trying

Arabia

508717615Analyzed
1v1 RM · 8d ago on Sep 23, 2026· 30m 1s· 2 players
Game mode
Random Map
Map size
Tiny (2 player)
Population
200
Speed
Normal
Resources
Standard
Victory
Conquest
Starting age
Dark Age
Ending age
Imperial Age
RankedLock teamsTeams togetherTeam positionsShared explorationLock speedFull tech treeHidden civsTurbo modeCheats
Victory
Defeat
🇺🇸 Sicilians · United States
2044
+11
🇨🇱 Mongols · Chile
1932
-11
OS+ | The Wilderness
6:05 Loom
8:31 Feudal Age
10:47 Double-Bit Axe
14:13 Fletching
14:36 Padded Archer Armor
24:04 Castle Age
22:41 Gold Mining
22:42 Stone Mining
23:36 Scale Mail Armor
24:42 Wheelbarrow
25:13 Bodkin Arrow
27:54 Horse Collar
28:27 Bow Saw
28:09 Town Watch
29:06 Crossbowman
29:40 Elite Skirmisher
die trying
5:50 Loom
7:58 Feudal Age
8:00 Man-at-Arms
12:44 Town Watch
14:34 Fletching
15:58 Horse Collar
22:26 Castle Age
20:54 Double-Bit Axe
21:52 Scale Barding Armor
23:01 Bloodlines
24:03 Chain Barding Armor
23:47 Bodkin Arrow
24:22 Chain Barding Armor
Connection lost

Rejoining the realm…

Still unreachable

The connection could not be restored.

Session expired

The server has moved on; the page needs a fresh start.